 Dungeon Crawl Stone Soup version 0.29.0-5-ge4962eb29e (webtiles) character file.

Game seed: 15866643686474293358

237 apoch the Cleaver (level 6, -6/51 HPs)
             Began as a Hill Orc Fighter on Aug 28, 2022.
             Mangled by an ogre
             ... wielding a +0 giant club
              (16 damage)
             ... on level 4 of the Dungeon.
             The game lasted 00:09:31 (2732 turns).

apoch the Cleaver (Hill Orc Fighter)                Turns: 2732, Time: 00:09:32

Health: -6/51      AC:  8    Str: 21    XL:     6   Next: 6%
Magic:  6/6        EV:  9    Int:  8    God:
Gold:   97         SH:  4    Dex: 10    Spells: 5/5 levels left

rFire   . . .      SeeInvis +   a - +0 war axe
rCold   . . .      Faith    .   c - +0 buckler
rNeg    . . .      Spirit   .   b - +0 scale mail
rPois   .          Reflect  .   (no helmet)
rElec   .          Harm     .   (no cloak)
rCorr   .          Rampage  .   n - +0 pair of gloves
Will    .....                   (no boots)
Stlth   ..........              (no amulet)
HPRegen 0.17/turn               v - ring of see invisible
MPRegen 0.10/turn               (no ring)

@: no status effects
A: no striking features
a: no special abilities


You were on level 4 of the Dungeon.
You visited 1 branch of the dungeon, and saw 4 of its levels.

You collected 97 gold pieces.

Inventory:

Hand Weapons
 a - a +0 war axe (weapon)
 z - a +0 broad axe
Missiles
 m - 6 poisoned darts
 y - 4 boomerangs
 B - 9 stones (quivered)
Armour
 b - a +0 scale mail (worn)
 c - a +0 buckler (worn)
 n - a +0 pair of gloves (worn)
Jewellery
 v - a ring of see invisible (left hand)
 w - a ring of magical power
Wands
 x - a wand of roots (7)
Scrolls
 e - a scroll of blinking {unknown}
 f - 2 scrolls of teleportation {unknown}
 h - a scroll of poison {unknown}
 j - a scroll of immolation {unknown}
 k - 3 scrolls of magic mapping {unknown}
 l - 3 scrolls of identify {unknown}
 o - a scroll of amnesia {unknown}
 s - 2 scrolls of noise {unknown}
 u - a scroll of summoning {unknown}
 A - a scroll of butterflies {unknown}
Potions
 d - 3 potions of might
 g - a potion of lignification {unknown}
 i - a potion of brilliance {unknown}
 p - 2 potions of curing
 q - a potion of degeneration {unknown}
 r - 2 potions of attraction {unknown}
 t - 2 potions of mutation {unknown}


   Skills:
 - Level 3.6 Fighting
 + Level 8.1 Axes
 - Level 3.2 Armour
 - Level 3.2 Shields


You had 5 spell levels left.
You didn't know any spells.
Your spell library contained the following spells:

 Spells                   Type           Power      Damage    Failure   Level
 Blink                    Tloc           0%         N/A       93%         2
 Manifold Assault         Tloc           0%         N/A       100%        5
 Conjure Ball Lightning   Conj/Air       0%         3x3d6     100%        6
 Storm Form               Tmut/Air       0%         N/A       100%        7
 Discord                  Hex            0%         N/A       100%        8
 Disjunction              Tloc           0%         N/A       100%        8


Dungeon Overview and Level Annotations

Branches:
Dungeon (4/15)
 Temple: D:4-7

Altars:
Elyvilon
Uskayaw


Message History

d - 2 potions of might (gained 1)
You see here a hobgoblin corpse.
d - 3 potions of might (gained 1);
B - 12 stones (gained 7)
You now have 97 gold pieces (gained 10).
You see here a +0 club.
Done exploring.
Done exploring.
(D) Dungeon
Where to? (Enter - D:3, ? - help)
Okay, then.
There is a stone staircase leading down here.
You climb downwards.
There is a stone staircase leading up here.
You throw a stone. The stone barely misses the ogre.
You throw a stone. The stone hits the ogre.
The ogre is lightly wounded.
You throw a stone. The stone hits the ogre.
The ogre is lightly wounded.
You slash the ogre!
The ogre is moderately wounded.
The ogre hits you with a +0 giant club!!
You hit the ogre.
The ogre is heavily wounded.
The ogre hits you with a +0 giant club!
You are too injured to fight recklessly!
You are too injured to fight recklessly!
You are too injured to fight recklessly!
You hit the ogre.
The ogre is severely wounded.
You hit the ogre.
The ogre is almost dead.
The ogre barely misses you.
You barely miss the ogre.
The ogre is almost dead.
The ogre hits you with a +0 giant club!
* * * LOW HITPOINT WARNING * * *
You completely miss the ogre.
The ogre is almost dead.
The ogre hits you with a +0 giant club!
You die...

## .# # .#
#.# .# ..
.#
##..#.##.#
$.....O@.#
....##.#.#
$ ... .#
###. ## #.
#. #. ..


You could see an ogre.

Vanquished Creatures
  An orc priest (D:3)
  2 orc wizards (D:3)
  Ijyb (D:3)
  3 adders
  3 worms
  3 dart slugs
  7 orcs
  6 bats
  6 endoplasms
  3 giant cockroaches
  8 goblins
  7 hobgoblins
  9 jackals
  3 kobolds
  3 quokkas
  9 ball pythons
  3 frilled lizards
  6 rats
83 creatures vanquished.

Notes
Turn   | Place    | Note
-------+----------+-------------------------------------------
     0 | D:1      | apoch the Hill Orc Fighter began the quest for the Orb.
     0 | D:1      | Reached XP level 1. HP: 19/19 MP: 1/1
   160 | D:1      | Reached skill level 3 in Axes
   282 | D:1      | Found a faded altar of an unknown god.
   297 | D:1      | Reached XP level 2. HP: 26/26 MP: 2/2
   499 | D:1      | Reached skill level 4 in Axes
   734 | D:1      | Reached XP level 3. HP: 31/31 MP: 3/3
   981 | D:2      | Reached skill level 5 in Axes
  1191 | D:2      | Reached XP level 4. HP: 39/39 MP: 4/4
  1351 | D:2      | Reached skill level 6 in Axes
  1696 | D:3      | Noticed Ijyb
  1710 | D:3      | Killed Ijyb
  1893 | D:3      | Reached XP level 5. HP: 45/45 MP: 5/5
  2086 | D:3      | Reached skill level 7 in Axes
  2350 | D:3      | Found a white marble altar of Elyvilon.
  2542 | D:3      | Found a hide-covered altar of Uskayaw.
  2597 | D:3      | Reached skill level 8 in Axes
  2597 | D:3      | Reached XP level 6. HP: 43/51 MP: 6/6
  2732 | D:4      | Mangled by an ogre

Illustrated notes

Levels and vault maps discovered:
D:1:      matt_arrival_los_fun, layout_rooms, hellmonk_ecumenical_altar_zigzags,
          wad_floor_pattern_1, kennysheep_minor_cross
D:2:      layout_loops_ring, minmay_stone_trees_small, minivault_26
D:3:      layout_basic, elyvilon_altar_3, eat_drink_and_be_merry_uskayaw,
          minmay_misc_feat_room, uniq_ijyb
D:4:      layout_loops_cross, serial_shops, shop, dreamdust_wishing_well,
          uniq_natasha

Skill      XL: |  1  2  3  4  5 |
---------------+----------------+-----
Axes           | 3 4 5 6 8 |  8.1
Fighting       | |  3.6
Armour         | |  3.2
Shields        | |  3.2

Action                   |  1- 3 |  4- 6 || total
-------------------------+-------+-------++-------
Melee: War axe           |    96 |   110 ||   206
Throw: Stone             |     9 |     7 ||    16
Armor: Scale mail        |    51 |    54 ||   105
Dodge: Dodged            |    53 |    59 ||   112
Block: Buckler           |    32 |    16 ||    48
